 Dungeon Crawl Stone Soup version 0.20-a0-642-g4ff03ff (webtiles) character file.

6630 Messajah the Markscentaur (level 10, -3/73 HPs)
             Began as a Centaur Hunter on Feb 13, 2017.
             Was a Believer of Okawaru.
             Slain by an iguana (9 damage)
             ... on level 9 of the Dungeon on Feb 14, 2017.
             The game lasted 01:05:56 (17390 turns).

Messajah the Markscentaur (Centaur Hunter)         Turns: 17390, Time: 01:05:57

Health: -3/73      AC: 22    Str: 17    XL:     10   Next: 72%
Magic:  8/10       EV:  4    Int: 10    God:    Okawaru [**....]
Gold:   500        SH:  0    Dex: 11    Spells: 9/9 levels left

rFire    . . .     SeeInvis .   b - +2 morningstar (holy)
rCold    . . .     Gourm    .   M - +0 plate armour
rNeg     . . .     Faith    .   (no shield)
rPois    .         Spirit   .   z - +0 helmet
rElec    .         Reflect  .   (no cloak)
rCorr    .         Harm     .   T - +0 pair of gloves
MR       .....                  g - +0 centaur barding
Stlth    ..........             (no amulet)
Regen    0.3/turn               (no ring)
MPRegen  0.2/turn               q - ring of stealth

@: heroism, very quick
A: hooves 3, deformed body, speed 2, tough skin 3
a: Heroism, Renounce Religion


You were on level 9 of the Dungeon.
You worshipped Okawaru.
Okawaru was pleased with you.
You were not hungry.

You visited 2 branches of the dungeon, and saw 10 of its levels.

You collected 500 gold pieces.

Inventory:

Hand Weapons
 a - a +1 shortbow
 b - a +2 morningstar of holy wrath (weapon)
 E - a +2 dagger of draining
 K - a +0 short sword
 N - a +2 hand axe of chopping
 O - a +0 shortbow of freezing
 R - a +0 battleaxe
 S - a +2 hand axe of electrocution
Missiles
 x - 120 sling bullets
Armour
 g - a +0 centaur barding (worn)
 z - a +0 helmet (worn)
 A - the +1 chain mail of Beyond {-Tele rPois rN+ Stlth+}
   (You found it on level 6 of the Dungeon)

   It protects you from poison.
   It protects you from negative energy.
   It prevents most forms of teleportation.
   It makes you more stealthy.
 M - a +0 plate armour (worn)
 P - a +0 plate armour
 T - a +0 pair of gloves (worn)
Magical Staves
 U - an uncursed staff of power {unknown}
Jewellery
 q - a ring of stealth (left hand)
 D - an uncursed ring of fire
Wands
 G - a wand of confusion (3/48)
Scrolls
 h - a scroll of fog {unknown}
 i - 2 scrolls of amnesia {unknown}
 j - 2 scrolls of blinking {unknown}
 l - 6 scrolls of remove curse
 m - a scroll of fear {unknown}
 n - a scroll of magic mapping {unknown}
 o - 2 scrolls of teleportation {unknown}
 p - 2 scrolls of noise {unknown}
 r - 2 scrolls of recharging {unknown}
 y - 6 scrolls of identify {unknown}
 C - 3 scrolls of immolation {unknown}
 J - a scroll of holy word {unknown}
Potions
 c - 2 potions of mutation {unknown}
 e - 2 potions of flight {unknown}
 k - a potion of brilliance {unknown}
 s - a potion of ambrosia {unknown}
 t - a potion of might {unknown}
 u - 2 potions of curing {unknown}
 B - 3 potions of haste
 F - a potion of lignification {unknown}
 Q - 3 potions of heal wounds {unknown}
Books
 H - a book of Maledictions

   Spells                             Type                      Level
   a - Corona                         Hexes                        1
   b - Ensorcelled Hibernation        Hexes/Ice                    2
   c - Confuse                        Hexes                        3
   d - Tukima's Dance                 Hexes                        3
   e - Dazzling Spray                 Conjuration/Hexes            3
 I - a book of Cantrips

   Spells                             Type                      Level
   a - Confusing Touch                Hexes                        1
   b - Animate Skeleton               Necromancy                   1
   c - Summon Small Mammal            Summoning                    1
   d - Apportation                    Translocation                1
Comestibles
 f - 2 bread rations
 v - 8 meat rations
 w - 2 royal jellies
 L - 2 chunks of flesh


   Skills:
 - Level 2.0(7.0) Fighting
 * Level 17.8(22.8) Bows
 - Level 6.0(11.0) Armour
 - Level 1.3(6.3) Dodging
 - Level 0.4(5.4) Stealth


You had 9 spell levels left.
You didn't know any spells.

Dungeon Overview and Level Annotations

Branches:
Dungeon (9/15)             Temple (1/1) D:6
   Lair: D:8-11         Orc: D:9-12

Altars:
Ashenzari
Cheibriados
Dithmenos
Elyvilon
Fedhas
Gozag
Hepliaklqana
Kikubaaqudgha
Makhleb
Nemelex Xobeh
Okawaru
Qazlal
Ru
Sif Muna
Trog
Uskayaw
Vehumet
Xom
Yredelemnul
Zin
The Shining One
Beogh


Innate Abilities, Weirdness & Mutations

You have hooves in place of feet.
Armour fits poorly on your strangely shaped body.
You cover ground very quickly.
You have extremely tough skin. (AC +3)


Message History

You are too injured to fight recklessly!
Your plate armour prevents you from hitting the iguana.
Your kick misses the iguana.
The iguana is heavily wounded.
The iguana bites you but does no damage.
The iguana closely misses you.
You hit the iguana.
The iguana is severely wounded.
The iguana bites you.
* * * LOW HITPOINT WARNING * * *
You hit the iguana. You kick the iguana.
The iguana is almost dead.
The iguana bites you but does no damage.
You closely miss the iguana. Your kick misses the iguana.
The iguana is almost dead.
The iguana barely misses you.
You hit the iguana but do no damage. Your kick misses the iguana.
The iguana is almost dead.
The iguana bites you!
You die...

########## #...l@...#
#........#
#.<......### #######
#..........#####......
#........#>..Ol(......
#........#######(..(..
####..........##......
#..........##l.(..(
#..........##.....(


You could see an iguana.

Vanquished Creatures
  A two-headed ogre (D:7)
  The ghost of HEYYEYAAE the Basher, a novice TrBe of Trog (D:8)
  A hornet (D:7)
  Grinder (D:4)
  A hippogriff (D:8)
  6 yaks (D:8)
  5 orc warriors
  An ice beast (D:8)
  6 ogres
  A phantom (D:5)
  4 centaurs
  The ghost of Chiseanne the Ducker, an amateur SpWn of Gozag (D:3)
  Blork the orc (D:5)
  6 bullfrogs
  3 scorpions (D:6)
  6 killer bees
  6 howler monkeys
  2 crimson imps (D:8)
  A jelly (D:8)
  4 hounds
  2 bullfrog skeletons
  A centaur skeleton (D:5)
  4 orc priests
  10 orc wizards
  4 iguanas
  4 worker ants
  Robin (D:3)
  A howler monkey zombie (D:8)
  A worker ant zombie (D:9)
  18 adders
  4 shadow imps
  2 oozes
  An adder zombie (D:7)
  3 adder skeletons
  3 worms
  6 dart slugs
  4 leopard geckos
  45 orcs
  4 giant cockroaches
  12 goblins
  15 hobgoblins
  14 jackals
  7 quokkas
  3 ball pythons
  3 bats
  4 frilled lizards
  A jackal skeleton (D:5)
  4 kobolds
  8 rats
247 creatures vanquished.

Notes
Turn   | Place    | Note
-------+----------+-------------------------------------------
     0 | D:1      | Messajah the Centaur Hunter began the quest for the Orb.
     0 | D:1      | Reached XP level 1. HP: 17/17 MP: 1/1
    88 | D:1      | Reached XP level 2. HP: 13/24 MP: 2/2
   101 | D:1      | Reached skill level 6 in Bows
  1020 | D:2      | Reached XP level 3. HP: 19/29 MP: 3/3
  1548 | D:2      | Reached skill level 7 in Bows
  1925 | D:2      | Reached XP level 4. HP: 33/36 MP: 4/4
  1941 | D:2      | Found a bloodstained altar of Trog.
  2275 | D:3      | Noticed Chiseanne's ghost (amateur SpWn)
  2300 | D:3      | Killed Chiseanne's ghost
  2300 | D:3      | Reached skill level 8 in Bows
  2300 | D:3      | Reached XP level 5. HP: 27/41 MP: 5/5
  2347 | D:3      | Noticed Robin
  2941 | D:3      | Killed Robin
  4057 | D:3      | Reached skill level 9 in Bows
  4846 | D:3      | Reached XP level 6. HP: 44/48 MP: 6/6
  4987 | D:3      | Reached skill level 10 in Bows
  5063 | D:4      | Found a burning altar of Makhleb.
  5657 | D:4      | Reached XP level 7. HP: 46/55 MP: 7/7
  5813 | D:4      | Noticed Grinder
  5841 | D:4      | Paralysed by Grinder for 5 turns
  5852 | D:4      | Killed Grinder
  5852 | D:4      | Reached skill level 11 in Bows
  6156 | D:5      | Entered Level 5 of the Dungeon
  6161 | D:5      | Reached skill level 12 in Bows
  6285 | D:5      | Noticed Blork the orc
  6296 | D:5      | Killed Blork the orc
  6723 | D:5      | Reached XP level 8. HP: 61/61 MP: 8/8
  7017 | D:4      | Reached skill level 13 in Bows
  8010 | D:6      | Got an ichor-stained chain mail
  8022 | D:6      | Identified the cursed +1 chain mail of Beyond {-Tele rPois rN+ Stlth+} (You found it on level 6 of the Dungeon)
  8057 | D:6      | Reached skill level 14 in Bows
  8059 | D:6      | Found a shadowy altar of Dithmenos.
  8173 | D:6      | Reached skill level 1 in Armour
  9402 | D:5      | Reached XP level 9. HP: 11/67 MP: 9/9
 10009 | D:6      | Found a staircase to the Ecumenical Temple.
 10032 | Temple   | Entered the Ecumenical Temple
 10038 | Temple   | Became a worshipper of Warmaster Okawaru
 10346 | D:6      | Reached skill level 5 in Armour
 10574 | D:7      | Found an ancient bone altar of Kikubaaqudgha.
 11405 | D:8      | Noticed HEYYEYAAE's ghost (novice TrBe)
 11438 | D:8      | Killed HEYYEYAAE's ghost
 11438 | D:8      | Reached * piety under Okawaru
 11438 | D:8      | Reached skill level 15 in Bows
 11588 | D:8      | Found a glowing silver altar of Zin.
 11653 | D:8      | Noticed a two-headed ogre
 11692 | D:7      | Paralysed by a hornet for 2 turns
 11877 | D:8      | Reached XP level 10. HP: 73/73 MP: 10/10
 12685 | D:7      | Killed a two-headed ogre
 12685 | D:7      | Reached ** piety under Okawaru
 12685 | D:7      | Reached skill level 16 in Bows
 13484 | D:8      | Found a burning altar of Makhleb.
 15638 | D:8      | Found a roughly hewn altar of Beogh.
 15691 | D:8      | Upgraded the game from 0.20-a0-640-g62ed22f to 0.20-a0-642-g4ff03ff
 15856 | D:8      | Reached skill level 17 in Bows
 16348 | D:9      | Found a hazy altar of Hepliaklqana.
 16421 | D:9      | Noticed a two-headed ogre
 17390 | D:9      | Slain by an iguana

Vault maps used:
D:1:      onia_arrival_mini_spirals, serial_bayou_lake_a
D:2:      marbit_many_paths, first_bread
D:3:      uniq_robin
D:4:      lemuel_doored_altar, uniq_grinder
D:5:      uniq_blork_the_orc
D:6:      old_standard_altar, minmay_temple_entry_nine_rooms, minmay_bent
D:7:      kennysheep_mini
D:8:      special_room, basic_altar, kennysheep_nondescript, lemuel_statue_altar
D:9:      overflow_temple_1_default, serial_shops, nicolae_shop_window_shopping,
          hangedman_pestilent_swarm
Temple:   nicolae_temple_x_marks_the_god

Skill      XL: |  1  2  3  4  5  6  7  8  9 10 |
---------------+-------------------------------+-----
Bows           | 6 7 8 9 10 12 14 15 17 | 17.8
Armour         | 3 6 |  6.0
Fighting       | |  2.0
Dodging        | |  1.3
Stealth        | |  0.4

Action                   |  1- 3 |  4- 6 |  7- 9 | 10-12 || total
-------------------------+-------+-------+-------+-------++-------
Melee: Short sword       |   115 |   213 |   128 |    41 ||   497
       Kick              |    27 |    41 |    28 |    41 ||   137
       Morningstar       |       |       |       |   122 ||   122
 Fire: Shortbow          |    25 |    78 |   444 |   322 ||   869
Throw: Throwing net      |       |       |     1 |     1 ||     2
Invok: Heroism           |       |       |       |     2 ||     2
  Use: Scroll            |       |       |       |     1 ||     1
 Stab: Held in net/web   |       |       |       |     1 ||     1
  Eat: Chunk             |     2 |     9 |    11 |    11 ||    33
       Fruit             |       |     1 |     4 |     2 ||     7
       Royal jelly       |       |       |     1 |     1 ||     2
Armor: Leather armour    |    36 |    29 |       |       ||    65
       Ring mail         |       |   165 |    93 |       ||   258
       Chain mail        |       |       |   190 |    10 ||   200
       Plate armour      |       |       |       |   164 ||   164
Dodge: Dodged            |    44 |   100 |    74 |    18 ||   236
